 Dungeon Crawl Stone Soup version 0.30-a0-170-g85af917532 (webtiles) character file.

Game seed: 15560241130783610351

10616 qw the Cleaver (level 11, 0/68 HPs)
             Began as a Gargoyle Fighter on Oct 1, 2022.
             Was an Elder of Okawaru.
             Slain by a hornet (4 damage)
             ... on level 2 of the Lair of Beasts.
             The game lasted 00:03:46 (11339 turns).

qw the Cleaver (Gargoyle Fighter)                  Turns: 11339, Time: 00:03:47

Health: 0/68       AC: 26    Str: 27    XL:     11   Next: 64%
Magic:  15/15      EV:  9    Int:  9    God:    Okawaru [****..]
Gold:   212        SH: 13    Dex: 13    Spells: 10/10 levels left

rFire   + . .      SeeInvis .    Y - +0 broad axe
rCold   . . .      Faith    .    r - +0 kite shield
rNeg    + . .      Spirit   .    j - +0 plate armour
rPois   inf        Reflect  .    o - +0 helmet
rElec   +          Harm     .    f - +4 cloak of the Lizard {rF+ Will+ Str+3 Dex+4}
rCorr   .          Rampage  .    m - +2 pair of gloves
Will    +....                    (no boots)
Stlth   ..........               h - amulet of the acrobat
HPRegen 0.21/turn                (no ring)
MPRegen 0.14/turn                (no ring)

@: about to teleport, heroic, corroded
A: sickness immunity, AC +8, negative energy resistance 1, electricity
resistance, torment resistance 1, petrification resistance
a: Renounce Religion, Heroism, Finesse


You were on level 2 of the Lair of Beasts.
You worshipped Okawaru.
Okawaru was greatly pleased with you.
You visited 3 branches of the dungeon, and saw 12 of its levels.

You collected 561 gold pieces.
You spent 349 gold pieces at shops.


Innate Abilities, Weirdness & Mutations

You are immune to sickness and miasma.
Your stone body is resilient. (AC +8)
You are immune to poison.
You resist negative energy. (rN+)
You are resistant to electric shocks. (rElec)
You are resistant to unholy torment.
You are immune to petrification.


   Skills:
 - Level 8.0(13.0) Fighting
 - Level 11.0(16.0) Axes
 - Level 3.1(8.1) Throwing
 - Level 7.2(12.2) Armour
 - Level 2.0(7.0) Dodging
 + Level 9.0(14.0) Shields
 + Level 6.3 Invocations


You had 10 spell levels left.
You didn't know any spells.
Your spell library was empty.

Inventory:

Hand Weapons
 q - a +0 morningstar
 Y - a +0 broad axe (weapon)
Missiles
 c - 5 javelins (quivered)
 l - a boomerang
Armour
 f - the +4 cloak of the Lizard (worn) {rF+ Will+ Str+3 Dex+4}
   (You found it on level 2 of the Dungeon)

   Str:       It affects your strength (+3).
   Dex:       It affects your dexterity (+4).
   rF:        It protects you from fire.
   Will:      It increases your willpower.
 j - a +0 plate armour (worn)
 m - a +2 pair of gloves (worn)
 o - a +0 helmet (worn)
 r - a +0 kite shield (worn)
Jewellery
 h - an amulet of the acrobat (around neck)
 n - the ring of Jemeunav {Fire rN++ Will+ Str-3 Stlth+}
   (You took it off a hobgoblin on level 2 of the Dungeon)

   [ring of fire]

   It enhances your fire magic.
   Str:       It affects your strength (-3).
   rF:        It protects you from fire.
   rC:        It makes you vulnerable to cold.
   rN:        It greatly protects you from negative energy.
   Will:      It increases your willpower.
   Stlth:     It makes you more stealthy.
Scrolls
 a - a scroll of identify
 s - 2 scrolls of teleportation
Potions
 d - 2 potions of might
 e - 6 potions of curing
 g - a potion of attraction
 i - a potion of cancellation
 k - 3 potions of lignification
 t - a potion of haste

Dungeon Overview and Level Annotations

Branches:
Dungeon (9/15)             Temple (1/1) D:4            Lair (2/5) D:9
  Swamp: Lair:2-3    Shoals: Lair:2-3     Snake: Lair:2-3    Spider: Lair:2-3
    Orc: D:9-12

Altars:
Ashenzari
Cheibriados
Dithmenos
Elyvilon
Gozag
Hepliaklqana
Kikubaaqudgha
Makhleb
Nemelex Xobeh
Okawaru
Qazlal
Ru
Sif Muna
Trog
Vehumet
Wu Jian
Xom
Yredelemnul
Zin
The Shining One

Shops:
D:7 [   D:8 [

Annotations:
D:3 1 runed translucent door, Crazy Yiuf
D:4 3 runed translucent doors, qw's ghost, amateur GrFi


Message History

The hornet stings you but does no damage.
You can move again.
You hit the hornet.
The hornet is lightly wounded.
You block the hornet's attack.
You miss the hornet.
The hornet is lightly wounded.
The hornet stings you!
The floating eye gazes piercingly through you!
You shrug off the repeated paralysis!
You miss the hornet.
The hornet is lightly wounded.
You block the hornet's attack. The oklob plant spits acid at you.
You block the splash of acid. The floating eye's view fixates on you.
The hornet closely misses you.
You hit the hornet but do no damage.
The hornet is lightly wounded.
The hornet stings you but does no damage.
The floating eye gazes piercingly through you!
You suddenly lose the ability to move!
The hornet stings you but does no damage.
The floating eye seems to glare at you. The oklob plant spits acid at you.
The splash of acid hits you!!
The hornet stings you but does no damage.
The hornet stings you!
The floating eye gazes piercingly through you!
You shrug off the repeated paralysis!
The hornet stings you but does no damage. x3
The floating eye's view fixates on you.
You can move again.
11339 ||| READING 3 scrolls of teleportation.
As you read the scroll of teleportation, it crumbles to dust.
You feel strangely unstable. You block the hornet's attack.
The floating eye gazes piercingly through you!
You shrug off the repeated paralysis!
The hornet stings you.
You die...

...PP}.PPP..?.###.......
...PP.P.P......##.......
....P>..P......#........
....PPGPP...............
.....PPPP...............
......P.......P##.......
....?........P##...#..##
.............#####.####
.......@....## ..#
#......y..### ..#.
#.......<.# ... ..
#..........# P... ..
P..........#
...........#
#...^<....P#
............


You could see 2 oklob plants, a hornet and a floating eye.

Vanquished Creatures
  4 elephants (Lair:1)
  2 black mambas (Lair:1)
  A cane toad (Lair:2)
  3 komodo dragons
  2 rime drakes (Lair:1)
  A polar bear (Lair:2)
  Grinder (D:5)
  2 hornets (D:7)
  8 yaks
  4 wyverns (D:9)
  A basilisk (Lair:1)
  A steam dragon (D:6)
  5 water moccasins
  3 black bears
  2 orc warriors (D:8)
  2 ice beasts
  2 ogres (D:5)
  6 wolves (Lair:1)
  6 centaurs
  4 phantoms
  A gnoll sergeant (D:8)
  A kobold brigand (D:7)
  3 bullfrogs
  A scorpion (D:4)
  4 killer bees (D:7)
  A howler monkey (D:6)
  2 jellies
  8 orc priests
  3 hounds
  3 iguanas
  Natasha (thrice) (D:2)
  7 orc wizards
  Robin (D:2)
  6 gnolls
  5 adders
  2 shadow imps
  An ufetubus (D:5)
  A worm (D:2)
  3 dart slugs
  42 orcs
  9 endoplasms
  A giant cockroach (D:3)
  23 goblins
  5 hobgoblins
  8 jackals
  14 kobolds
  6 quokkas
  5 ball pythons
  3 bats
  5 frilled lizards
  3 rats
240 creatures vanquished.

Vanquished Creatures (others)
  A jelly (D:8)
  4 fungi (D:9)
  11 plants
16 creatures vanquished.

Grand Total: 256 creatures vanquished

Notes
Turn   | Place    | Note
-------+----------+-------------------------------------------
     0 | D:1      | qw the Gargoyle Fighter began the quest for the Orb.
     0 | D:1      | Reached XP level 1. HP: 14/14 MP: 1/1
     0 | D:1      | 0 ||| qw: Version: 0.2-a-13-gfc7b4b4
     0 | D:1      | 0 ||| qw: Game counter: 1727
     0 | D:1      | 0 ||| qw: Always use a shield: true
     0 | D:1      | 0 ||| qw: God list: Okawaru
     0 | D:1      | 0 ||| qw: Allow faded altars: false
     0 | D:1      | 0 ||| qw: Do Orc after D:15 true
     0 | D:1      | 0 ||| qw: Do second Lair branch before Depths: true
     0 | D:1      | 0 ||| qw: Lair rune preference: random
     0 | D:1      | 0 ||| qw: Plans: Normal, Zot:1-4, God:TSO, Crypt, Tomb,
                  | Pan, Slime:5, Hells, Abyss, Orb
     0 | D:1      | 0 ||| PLANNING D:1-11
    43 | D:1      | Reached skill level 2 in Axes
   109 | D:1      | Reached XP level 2. HP: 19/19 MP: 2/2
   138 | D:1      | 138 ||| DROPPING +0 club.
   151 | D:1      | Found a faded altar of an unknown god.
   203 | D:1      | Found Eweifiph's Book Shop.
   309 | D:1      | 309 ||| Stepping ~*~*~tactically~*~*~ (stealth).
   316 | D:1      | 316 ||| Stepping ~*~*~tactically~*~*~ (stealth).
   318 | D:1      | 318 ||| Stepping ~*~*~tactically~*~*~ (stealth).
   351 | D:1      | 351 ||| Stepping ~*~*~tactically~*~*~ (hiding).
   352 | D:1      | 352 ||| Stepping ~*~*~tactically~*~*~ (hiding).
   357 | D:1      | Reached skill level 3 in Axes
   514 | D:1      | Reached XP level 3. HP: 23/23 MP: 3/3
   687 | D:1      | 687 ||| Stepping ~*~*~tactically~*~*~ (stealth).
   712 | D:1      | 712 ||| Stepping ~*~*~tactically~*~*~ (stealth).
   713 | D:1      | 713 ||| Stepping ~*~*~tactically~*~*~ (stealth).
   895 | D:1      | 895 ||| READING 4 scrolls labelled ENEHUU VAAXUS.
   896 | D:1      | 896 ||| READING 2 scrolls labelled QUZUVU QYMUILAY.
   897 | D:1      | 897 ||| READING scroll labelled CEPITO LIPN.
   898 | D:1      | 898 ||| READING 3 scrolls of identify.
   898 | D:1      | 898 ||| IDENTIFYING emerald potion
   899 | D:1      | 899 ||| READING 2 scrolls of identify.
   899 | D:1      | 899 ||| IDENTIFYING brown potion
   900 | D:1      | 900 ||| DROPPING scroll of fog.
   998 | D:2      | Identified the +4 cloak of the Lizard {rF+ Will+ Str+3
                  | Dex+4}
  1109 | D:2      | 1109 ||| Stepping ~*~*~tactically~*~*~ (stealth).
  1112 | D:2      | 1112 ||| Stepping ~*~*~tactically~*~*~ (stealth).
  1113 | D:2      | 1113 ||| Stepping ~*~*~tactically~*~*~ (stealth).
  1592 | D:2      | Noticed Natasha
  1593 | D:2      | 1593 ||| FLEEEEING.
  1598 | D:2      | 1598 ||| Stepping ~*~*~tactically~*~*~ (hiding).
  1600 | D:2      | 1600 ||| Stepping ~*~*~tactically~*~*~ (hiding).
  1606 | D:2      | HP: 3/23 [Natasha (7)]
  1607 | D:2      | 1607 ||| DRINKING potion of heal wounds.
  1609 | D:2      | Killed Natasha
  1610 | D:2      | Reached skill level 4 in Axes
  1610 | D:2      | Reached XP level 4. HP: 22/28 MP: 4/4
  1677 | D:2      | Noticed Natasha
  1678 | D:2      | 1678 ||| Stepping ~*~*~tactically~*~*~ (hiding).
  1686 | D:2      | Killed Natasha
  1841 | D:2      | Noticed Natasha
  1858 | D:2      | Killed Natasha
  1859 | D:2      | Reached XP level 5. HP: 21/32 MP: 5/5
  2026 | D:2      | Identified the ring of Jemeunav {Fire rN++ Will+ Str-3
                  | Stlth+}
  2027 | D:2      | 2027 ||| Stepping ~*~*~tactically~*~*~ (stealth).
  2039 | D:2      | Noticed Robin
  2045 | D:2      | 2045 ||| Stepping ~*~*~tactically~*~*~ (hiding).
  2046 | D:2      | 2046 ||| Stepping ~*~*~tactically~*~*~ (hiding).
  2054 | D:2      | Killed Robin
  2055 | D:2      | Reached skill level 5 in Axes
  2328 | D:2      | 2328 ||| UPGRADING to +4 cloak of the Lizard {rF+ Will+
                  | Str+3 Dex+4}.
  2333 | D:2      | 2333 ||| UPGRADING to +0 pair of gloves.
  2338 | D:2      | 2338 ||| UPGRADING to +0 helmet.
  2343 | D:2      | 2343 ||| READING scroll labelled IMETAI OVIDI.
  2344 | D:2      | 2344 ||| READING 2 scrolls of identify.
  2344 | D:2      | 2344 ||| IDENTIFYING fizzy yellow potion
  2633 | D:3      | You fall into a shaft and drop 1 floor!
  2636 | D:4      | 2636 ||| FLEEEEING.
  2637 | D:4      | 2637 ||| FLEEEEING.
  2638 | D:4      | 2638 ||| FLEEEEING.
  2638 | D:4      | Found a staircase to the Ecumenical Temple.
  2639 | D:4      | 2639 ||| PLANNING TEMPLE
  2639 | D:4      | 2639 ||| FLEEEEING.
  2640 | D:4      | 2640 ||| FLEEEEING.
  2641 | D:4      | 2641 ||| STAIRDANCE
  2642 | D:3      | Found a hazy altar of Hepliaklqana.
  2656 | D:3      | Reached skill level 1 in Dodging
  2657 | D:3      | HP: 3/32 [orc priest/divine providence (11)]
  2662 | D:3      | Reached XP level 6. HP: 2/38 MP: 6/6
  2667 | D:3      | HP: 1/38 [something (2)]
  2972 | D:4      | 2972 ||| STAIRDANCE
  2979 | D:4      | 2979 ||| STAIRDANCE
  3002 | D:4      | 3002 ||| FLEEEEING.
  3005 | D:4      | 3005 ||| STAIRDANCE
  3014 | D:4      | 3014 ||| STAIRDANCE
  3025 | Temple   | Entered the Ecumenical Temple
  3026 | Temple   | 3026 ||| PLANNING D:1-11
  3036 | D:3      | 3036 ||| DROPPING +0 whip.
  3074 | D:3      | 3074 ||| Stepping ~*~*~tactically~*~*~ (stealth).
  3118 | D:3      | Found a runed translucent door.
  3119 | D:3      | Noticed Crazy Yiuf
  3245 | D:3      | 3245 ||| Stepping ~*~*~tactically~*~*~ (stealth).
  3356 | D:4      | Noticed a black bear
  3357 | D:4      | Noticed a black bear
  3362 | D:4      | Killed a black bear
  3363 | D:4      | Reached skill level 6 in Axes
  3368 | D:4      | Killed a black bear
  3369 | D:4      | Reached XP level 7. HP: 39/43 MP: 7/7
  3369 | D:4      | Found a bloodstained altar of Trog.
  3370 | D:4      | 3370 ||| Stepping ~*~*~tactically~*~*~ (hiding).
  3441 | D:4      | 3441 ||| Stepping ~*~*~tactically~*~*~ (stealth).
  3442 | D:4      | 3442 ||| Stepping ~*~*~tactically~*~*~ (stealth).
  3496 | D:4      | Found a stormy altar of Qazlal.
  3575 | D:4      | Reached skill level 7 in Axes
  3654 | D:4      | Found a runed translucent gate.
  3654 | D:4      | Found a runed translucent gate.
  3654 | D:4      | Found a runed translucent gate.
  3691 | D:4      | Noticed qw's ghost (amateur GrFi)
  3699 | D:4      | 3699 ||| Stepping ~*~*~tactically~*~*~ (stealth).
  3780 | D:4      | Found a glowing golden altar of the Shining One.
  3860 | D:4      | Reached skill level 1 in Throwing
  3985 | D:4      | 3985 ||| UPGRADING to +0 chain mail.
  3995 | D:4      | 3995 ||| DROPPING +0 scale mail.
  3996 | D:4      | 3996 ||| READING 2 scrolls labelled VOTEITOUSO.
  3997 | D:4      | 3997 ||| READING scroll labelled JEOROL WOVEIQ.
  3998 | D:4      | 3998 ||| READING scroll labelled MAYFIA RAXTOL.
  3999 | D:4      | 3999 ||| DRINKING 2 cyan potions.
  4000 | D:4      | 4000 ||| DROPPING potion of flight.
  4001 | D:4      | 4001 ||| DROPPING scroll of vulnerability.
  4026 | D:5      | Entered Level 5 of the Dungeon
  4028 | D:5      | 4028 ||| Stepping ~*~*~tactically~*~*~ (stealth).
  4030 | D:5      | 4030 ||| Stepping ~*~*~tactically~*~*~ (hiding).
  4041 | D:5      | Reached XP level 8. HP: 49/49 MP: 8/8
  4238 | D:5      | 4238 ||| Stepping ~*~*~tactically~*~*~ (stealth).
  4431 | D:5      | 4431 ||| Stepping ~*~*~tactically~*~*~ (stealth).
  4434 | D:5      | Reached skill level 8 in Axes
  4436 | D:5      | Noticed Grinder
  4437 | D:5      | 4437 ||| Stepping ~*~*~tactically~*~*~ (hiding).
  4464 | D:5      | Killed Grinder
  4465 | D:5      | Reached skill level 6 in Fighting
  4677 | D:5      | Reached XP level 9. HP: 56/56 MP: 9/9
  4825 | D:5      | Found a shimmering altar of Xom.
  4913 | D:5      | 4913 ||| READING scroll labelled QEOZYUH HECH.
  4914 | D:5      | 4914 ||| READING scroll labelled IRIRIE AGGINIKH.
  4915 | D:5      | 4915 ||| READING 2 scrolls of identify.
  4915 | D:5      | 4915 ||| IDENTIFYING smoky orange potion
  4916 | D:5      | 4916 ||| DROPPING potion of brilliance.
  4936 | D:6      | Found a basalt altar of Yredelemnul.
  4968 | D:6      | Found Zin's Purification Station.
  4972 | D:6      | Found a glowing silver altar of Zin.
  4977 | D:6      | 4977 ||| BUYING potion of curing (90 gold).
  4977 | D:6      | Bought a potion of curing for 90 gold pieces
  5033 | D:6      | 5033 ||| Stepping ~*~*~tactically~*~*~ (hiding).
  5209 | D:6      | Found an iron altar of Okawaru.
  5210 | D:6      | 5210 ||| PLANNING OKAWARU WORSHIP
  5214 | D:6      | Became a worshipper of Warmaster Okawaru
  5215 | D:6      | 5215 ||| PLANNING D:1-11
  5242 | D:6      | Found a white marble altar of Elyvilon.
  5243 | D:6      | 5243 ||| Stepping ~*~*~tactically~*~*~ (stealth).
  5355 | D:6      | 5355 ||| Stepping ~*~*~tactically~*~*~ (hiding).
  5364 | D:6      | 5364 ||| FLEEEEING.
  5381 | D:6      | Reached skill level 9 in Axes
  5464 | D:6      | Found a radiant altar of Vehumet.
  5700 | D:6      | Found a shimmering blue altar of Sif Muna.
  5834 | D:6      | Found a shadowy altar of Dithmenos.
  5884 | D:6      | 5884 ||| READING scroll labelled HAECWUR IMYEZOAN.
  5885 | D:6      | 5885 ||| READING 2 scrolls of identify.
  5885 | D:6      | 5885 ||| IDENTIFYING amethyst potion
  5910 | D:7      | 5910 ||| Stepping ~*~*~tactically~*~*~ (stealth).
  5917 | D:7      | 5917 ||| Stepping ~*~*~tactically~*~*~ (stealth).
  5932 | D:7      | Found an opulent altar of Gozag.
  5947 | D:7      | 5947 ||| READING scroll of enchant armour.
  5947 | D:7      | 5947 ||| ENCHANTING +0 pair of gloves.
  6362 | D:7      | 6362 ||| Stepping ~*~*~tactically~*~*~ (hiding).
  6484 | D:7      | 6484 ||| Stepping ~*~*~tactically~*~*~ (stealth).
  6620 | D:7      | Reached * piety under Okawaru
  6708 | D:7      | 6708 ||| READING scroll of enchant armour.
  6708 | D:7      | 6708 ||| ENCHANTING +1 pair of gloves.
  6788 | D:7      | Noticed a hornet
  6800 | D:7      | Killed a hornet
  6801 | D:7      | Reached skill level 1 in Invocations
  6869 | D:7      | Noticed a hornet
  6874 | D:7      | Killed a hornet
  7060 | D:7      | Found Vorhumech's Armour Shoppe.
  7063 | D:7      | 7063 ||| SHOPLISTING +0 plate armour (322 gold, have 263).
  7063 | D:7      | 7063 ||| BUYING +2 chain mail of poison resistance (259
                  | gold).
  7063 | D:7      | Bought a +2 chain mail of poison resistance for 259 gold
                  | pieces
  7082 | D:7      | 7082 ||| Stepping ~*~*~tactically~*~*~ (stealth).
  7086 | D:7      | 7086 ||| Stepping ~*~*~tactically~*~*~ (stealth).
  7095 | D:7      | Reached skill level 3 in Invocations
  7123 | D:7      | Found an ancient bone altar of Kikubaaqudgha.
  7288 | D:7      | 7288 ||| Stepping ~*~*~tactically~*~*~ (hiding).
  7289 | D:7      | 7289 ||| Stepping ~*~*~tactically~*~*~ (hiding).
  7292 | D:7      | 7292 ||| INVOKING Heroism.
  7396 | D:7      | 7396 ||| UPGRADING to +2 chain mail of poison resistance.
  7406 | D:7      | 7406 ||| DROPPING +0 chain mail.
  7407 | D:7      | 7407 ||| DRINKING 2 golden potions.
  7408 | D:7      | 7408 ||| DROPPING potion of invisibility.
  7436 | D:8      | 7436 ||| INVOKING Heroism.
  7496 | D:8      | 7496 ||| Stepping ~*~*~tactically~*~*~ (hiding).
  7500 | D:8      | 7500 ||| INVOKING Heroism.
  7755 | D:8      | 7755 ||| SWAPPING to +0 broad axe.
  7757 | D:8      | 7757 ||| DROPPING +0 war axe of protection.
  7763 | D:8      | Found Wodiv's Antique Armour Boutique.
  7770 | D:8      | 7770 ||| INVOKING Heroism.
  7772 | D:8      | 7772 ||| SHOPLISTING glowing chain mail (195 gold, have
                  | 44).
  7772 | D:8      | 7772 ||| SHOPLISTING tower shield (117 gold, have 44).
  7779 | D:8      | Reached XP level 10. HP: 39/63 MP: 10/13
  7782 | D:8      | 7782 ||| INVOKING Heroism.
  7792 | D:8      | Reached skill level 10 in Axes
  8202 | D:8      | 8202 ||| Stepping ~*~*~tactically~*~*~ (stealth).
  8648 | D:8      | 8648 ||| UPGRADING to +0 plate armour.
  8658 | D:8      | 8658 ||| DROPPING +2 chain mail of poison resistance.
  8659 | D:8      | 8659 ||| UPGRADING to +0 kite shield.
  8669 | D:8      | 8669 ||| DROPPING +0 buckler.
  8670 | D:8      | 8670 ||| DROPPING +6 ring of intelligence.
  8671 | D:8      | 8671 ||| READING 2 scrolls labelled QAMEN IQOBEA.
  8675 | D:8      | 8675 ||| READING scroll labelled ETONISTREIRO.
  8676 | D:8      | 8676 ||| READING 3 scrolls of identify.
  8676 | D:8      | 8676 ||| IDENTIFYING smoky dark potion
  8677 | D:8      | 8677 ||| READING 2 scrolls of identify.
  8677 | D:8      | 8677 ||| IDENTIFYING silvery potion
  8678 | D:8      | 8678 ||| DROPPING potion of berserk rage.
  8769 | D:9      | 8769 ||| INVOKING Heroism.
  8989 | D:9      | 8989 ||| DROPPING +1 war axe of venom.
  9211 | D:9      | 9211 ||| INVOKING Heroism.
  9224 | D:9      | Reached ** piety under Okawaru
  9225 | D:9      | Reached skill level 6 in Shields
  9227 | D:9      | 9227 ||| INVOKING Heroism.
  9247 | D:9      | Found a staircase to the Lair.
  9264 | D:9      | Reached *** piety under Okawaru
  9265 | D:9      | Reached skill level 6 in Armour
  9353 | D:9      | 9353 ||| Stepping ~*~*~tactically~*~*~ (stealth).
  9727 | D:9      | 9727 ||| Stepping ~*~*~tactically~*~*~ (hiding).
  9886 | D:9      | 9886 ||| PLANNING LAIR
  9886 | D:9      | 9886 ||| DROPPING +2 pair of gloves.
  9887 | D:9      | 9887 ||| UPGRADING to amulet of the acrobat.
  9892 | D:9      | 9892 ||| READING scroll labelled ESYUQA QAAGE.
  9893 | D:9      | 9893 ||| DRINKING 2 glowing brown potions.
  9894 | D:9      | 9894 ||| DROPPING potion of degeneration.
  9954 | Lair:1   | Entered Level 1 of the Lair of Beasts
  9973 | Lair:1   | 9973 ||| Stepping ~*~*~tactically~*~*~ (hiding).
 10122 | Lair:1   | 10122 ||| INVOKING Heroism.
 10125 | Lair:1   | Reached skill level 9 in Shields
 10304 | Lair:1   | Noticed a black mamba
 10305 | Lair:1   | 10305 ||| INVOKING Heroism.
 10310 | Lair:1   | Killed a black mamba
 10311 | Lair:1   | Reached XP level 11. HP: 56/67 MP: 11/14
 10376 | Lair:1   | 10376 ||| INVOKING Heroism.
 10377 | Lair:1   | 10377 ||| Stepping ~*~*~tactically~*~*~ (stealth).
 10400 | Lair:1   | Reached skill level 3 in Throwing
 10551 | Lair:1   | 10551 ||| INVOKING Heroism.
 10555 | Lair:1   | Reached **** piety under Okawaru
 10578 | Lair:1   | 10578 ||| INVOKING Heroism.
 10681 | Lair:1   | 10681 ||| INVOKING Heroism.
 11139 | Lair:1   | 11139 ||| DROPPING ring of flight.
 11163 | Lair:2   | 11163 ||| INVOKING Heroism.
 11164 | Lair:2   | 11164 ||| Stepping ~*~*~tactically~*~*~ (stealth).
 11165 | Lair:2   | 11165 ||| Stepping ~*~*~tactically~*~*~ (stealth).
 11170 | Lair:2   | Reached skill level 6 in Invocations
 11184 | Lair:2   | Reached ***** piety under Okawaru
 11185 | Lair:2   | Reached skill level 11 in Axes
 11233 | Lair:2   | Noticed an oklob plant
 11234 | Lair:2   | 11234 ||| INVOKING Heroism.
 11235 | Lair:2   | 11235 ||| INVOKING Finesse.
 11241 | Lair:2   | Paralysed by a floating eye for 4 turns
 11254 | Lair:2   | Paralysed by a floating eye for 3 turns
 11263 | Lair:2   | Paralysed by a floating eye for 3 turns
 11266 | Lair:2   | 11266 ||| INVOKING Heroism.
 11271 | Lair:2   | Paralysed by a floating eye for 4 turns
 11278 | Lair:2   | Paralysed by a floating eye for 2 turns
 11282 | Lair:2   | Paralysed by a floating eye for 2 turns
 11291 | Lair:2   | Paralysed by a floating eye for 3 turns
 11294 | Lair:2   | 11294 ||| INVOKING Heroism.
 11295 | Lair:2   | Paralysed by a floating eye for 4 turns
 11302 | Lair:2   | Paralysed by a floating eye for 2 turns
 11307 | Lair:2   | Paralysed by a floating eye for 2 turns
 11311 | Lair:2   | Paralysed by a floating eye for 4 turns
 11317 | Lair:2   | Noticed an oklob plant
 11320 | Lair:2   | Paralysed by a floating eye for 3 turns
 11323 | Lair:2   | 11323 ||| INVOKING Heroism.
 11328 | Lair:2   | Paralysed by a floating eye for 3 turns
 11334 | Lair:2   | Paralysed by a floating eye for 4 turns
 11335 | Lair:2   | HP: 10/68 [oklob plant/splash of acid (21)]
 11336 | Lair:2   | HP: 3/68 [hornet (7)]
 11339 | Lair:2   | 11339 ||| READING 3 scrolls of teleportation.
 11339 | Lair:2   | Slain by a hornet

Levels and vault maps discovered:
D:1:      scummos_arrival_gate, layout_basic, serial_shops, shop,
          ebering_ecumenical_altar_ruins
D:2:      layout_basic, uniq_natasha, uniq_robin
D:3:      layout_basic, nicolae_hepliaklqana_hazy_memory, item_on_display_a,
          uniq_crazy_yiuf_cottage
D:4:      layout_rooms, grunt_qazlal_sundering, tso_metal_star,
          trog_ov_bears_minmay, minmay_temple_entry_butterflies,
          gammafunk_ghost_necromancy
D:5:      layout_basic, kennysheep_mini_moat, uniq_grinder
D:6:      layout_loops_ring, yredelemnul_altar_generic,
          nicolae_dithmenos_through_a_glass_darkly, vehumet_crystals,
          zin_purify, lemuel_doored_altar, led_sif_book, elyvilon_altar_4
D:7:      layout_layer_cave, nicolae_gozag_cash_rules_everything_around_me,
          lemuel_tele_altar, serial_shops, kennysheep_mini,
          nicolae_figureground_pulse
D:8:      layout_layer_cave, serial_shops, nicolae_shop_overgrown_old_shop
D:9:      layout_loops_corners, minmay_lair_entry_grove, enter_bailey_3
Temple:   hellmonk_temple_micro_hex
Lair:1:   layout_loops_ring
Lair:2:   layout_roguey, nicolae_swamp_entry_splash_gauntlet, disabler_island

Skill      XL: |  1  2  3  4  5  6  7  8  9 10 11 |
---------------+----------------------------------+-----
Axes           | 2 3 4 5 6 7 8 9 10 11 | 11.0
Dodging        | 1 2 |  2.0
Fighting       | 4 5 6 7 8 |  8.0
Throwing       | 1 2 3 |  3.1
Armour         | 4 5 7 |  7.2
Shields        | 4 9 |  9.0
Invocations    | 4 6 |  6.3

Action                   |  1- 3 |  4- 6 |  7- 9 | 10-12 || total
-------------------------+-------+-------+-------+-------++-------
Melee: War axe           |    99 |   139 |   250 |       ||   488
       Broad axe         |       |       |     7 |   207 ||   214
Throw: Boomerang         |       |     8 |    19 |     2 ||    29
       Javelin           |       |       |    32 |    22 ||    54
Invok: Heroism           |       |       |     4 |    15 ||    19
       Finesse           |       |       |       |     1 ||     1
  Use: Scroll            |     5 |     2 |    10 |     6 ||    23
       Potion            |     1 |       |     2 |     1 ||     4
 Stab: Invisible         |       |       |     1 |       ||     1
Armor: Scale mail        |    46 |   122 |    30 |       ||   198
       Chain mail        |       |       |   154 |    15 ||   169
       Plate armour      |       |       |       |   110 ||   110
Dodge: Dodged            |    51 |    88 |   104 |    67 ||   310
Block: Buckler           |    11 |    38 |    50 |    10 ||   109
       Kite shield       |       |       |       |   122 ||   122

Table legend:
 A = Non-vault XP
 B = Vault XP
 C = Vault XP percentage of total XP
 D = Non-vault monster count
 E = Vault monster count
 F = Vault count percentage of total count
                 A         B        C        D         E       F
            +---------+---------+-------+---------+---------+-------
      Total |   12261 |    2905 |  19.2 |     208 |      33 |  13.7
            +---------+---------+-------+---------+---------+-------
        D:1 |      42 |       0 |   0.0 |      23 |       0 |   0.0
        D:2 |     128 |      72 |  36.0 |      20 |      13 |  39.4
        D:3 |     142 |       0 |   0.0 |      28 |       0 |   0.0
        D:4 |     508 |     259 |  33.8 |      29 |       2 |   6.5
        D:5 |     988 |     286 |  22.4 |      19 |       1 |   5.0
        D:6 |     392 |       2 |   0.5 |      10 |       1 |   9.1
        D:7 |    1406 |       0 |   0.0 |      29 |       0 |   0.0
        D:8 |    1000 |       0 |   0.0 |      21 |       0 |   0.0
        D:9 |     516 |    2286 |  81.6 |       4 |      16 |  80.0
     Lair:1 |    6060 |       0 |   0.0 |      22 |       0 |   0.0
     Lair:2 |    1079 |       0 |   0.0 |       3 |       0 |   0.0
            +---------+---------+-------+---------+---------+-------
